 Dungeon Crawl Stone Soup version 0.21.1-1-g345015fe64 (webtiles) character file.

137 Plasmo the Firebug (level 5, -1/33 HPs)
             Began as an Octopode Fire Elementalist on July 1, 2018.
             Slain by an orc
             ... wielding a +0 hand axe
              (10 damage)
             ... on level 3 of the Dungeon.
             The game lasted 00:07:15 (2477 turns).

Plasmo the Firebug (Octopode Fire Elementalist)     Turns: 2477, Time: 00:07:15

Health: -1/33      AC:  1    Str:  8    XL:     5   Next: 20%
Magic:  3/8        EV: 14    Int: 18    God:
Gold:   120        SH:  0    Dex: 12    Spells: 8/9 levels left

rFire    . . .     SeeInvis .   p - +0 mace
rCold    . . .     Gourm    .   (no shield)
rNeg     . . .     Faith    .   (helmet restricted)
rPois    .         Spirit   .   (no amulet)
rElec    .         Reflect  .   (no ring)
rCorr    .         Harm     .   (no ring)
MR       .....                  (no ring)
Stlth    +++.......             (no ring)
HPRegen  0.11/turn              (no ring)
MPRegen  0.11/turn              (no ring)
                                (no ring)
                                (no ring)

@: very slightly contaminated
A: almost no armour, stealthy swim, amphibious, 8 rings, constrict 8, camouflage
1, gelatinous body 1
a: no special abilities


You were on level 3 of the Dungeon.
You were not hungry.

You visited 1 branch of the dungeon, and saw 3 of its levels.

You collected 120 gold pieces.

Inventory:

Hand Weapons
 e - a +0 short sword
 p - a +0 mace (weapon)
Missiles
 m - 4 curare-tipped needles
Jewellery
 d - a +2 ring of strength {unknown}
Scrolls
 f - a scroll of teleportation
 h - 3 scrolls of identify {unknown}
 l - 2 scrolls of enchant armour {unknown}
 o - 2 scrolls of enchant weapon {unknown}
Potions
 c - a potion of invisibility {unknown}
 g - a potion of mutation {unknown}
 i - a potion of might {unknown}
 j - 2 potions of curing
 k - a potion of brilliance {unknown}
 n - a potion of flight {unknown}
Books
 a - a book of Flames

   Spells                             Type                      Level
   a - Flame Tongue                   Conjuration/Fire             1
   b - Throw Flame                    Conjuration/Fire             2
   c - Conjure Flame                  Conjuration/Fire             3
   d - Inner Flame                    Hexes/Fire                   3
   e - Sticky Flame                   Conjuration/Fire             4
   f - Fireball                       Conjuration/Fire             5
Comestibles
 b - 4 rations


   Skills:
 * Level 1.3 Fighting
 * Level 0.5 Maces & Flails
 + Level 1.1 Throwing
 * Level 2.7 Dodging
 + Level 3.2 Stealth
 + Level 0.9 Unarmed Combat
 * Level 2.5 Spellcasting
 * Level 2.0 Conjurations
 * Level 3.4 Fire Magic


You had 8 spell levels left.
You knew the following spells:

 Your Spells              Type           Power        Failure   Level  Hunger
a - Flame Tongue          Conj/Fire      ##...        5%          1    #......


Dungeon Overview and Level Annotations

Branches:
Dungeon (3/15)

Altars:
The Shining One

Annotations:
D:3 exclusion: centaur


Innate Abilities, Weirdness & Mutations

You cannot wear most types of armour.
You are very stealthy in the water. (Stealth+)
You are amphibious.
You can wear up to eight rings at the same time.
You can use your tentacles to constrict eight enemies at once.
Your skin changes colour to match your surroundings (Stealth+).
Your rubbery body absorbs attacks. (AC +1, EV +1)


Message History

Confirm with . or Enter, or press ? or * to list all spells.
Aiming: Flame Tongue
Press: ? - help, Shift-Dir - straight line, f/p - orc
Aim: an orc, wielding a trident and wearing a leather armour (severely wounded)
The flame tongue misses the orc.
The orc hits you from afar with a trident!
You feel better.
The orc hits you from afar with a trident.
The orc hits you with a trident.
* * * LOW HITPOINT WARNING * * *
You hit the orc.
You kill the orc!
The orc closely misses you.
You hit the orc but do no damage. You grab the orc.
You constrict the orc, but do no damage.
The orc barely misses you.
You hit the orc but do no damage.
You constrict the orc, but do no damage.
The orc hits you with a hand axe!
You die...

. ..# #.#
#.#.# #.#
#.#.###.##
#........#
#.#.####.# #.#
#.# #.####.#
#...##.#
#.###@##.#
#.#.#o##.#
#........##
+...........#
###.>.......##
#..........#
#..........#
#..........#
#+#
#.......<.##


You could see an orc.

Vanquished Creatures
  Natasha (twice) (D:2)
  Terence (D:3)
  2 adders
  An ooze (D:1)
  An adder zombie (D:2)
  A worm (D:2)
  A leopard gecko (D:2)
  3 orcs (D:3)
  A ball python (D:3)
  3 goblins
  2 hobgoblins (D:2)
  4 jackals (D:3)
  3 kobolds
  A quokka (D:3)
  2 bats
  4 frilled lizards
  4 rats
36 creatures vanquished.

Notes
Turn   | Place    | Note
-------+----------+-------------------------------------------
     0 | D:1      | Plasmo the Octopode Fire Elementalist began the quest for the Orb.
     0 | D:1      | Reached XP level 1. HP: 11/11 MP: 3/3
   177 | D:1      | Found a glowing golden altar of the Shining One.
   458 | D:1      | Reached XP level 2. HP: 16/17 MP: 5/5
   774 | D:2      | Noticed Natasha
   785 | D:2      | Killed Natasha
   785 | D:2      | Reached XP level 3. HP: 8/22 MP: 6/6
  1224 | D:2      | Reached XP level 4. HP: 27/27 MP: 7/7
  1276 | D:2      | Noticed Natasha
  1384 | D:2      | Killed Natasha
  1384 | D:2      | Reached skill level 1 in Fighting
  1384 | D:2      | Reached skill level 1 in Throwing
  1780 | D:3      | Noticed Terence
  1788 | D:3      | Killed Terence
  1950 | D:3      | Reached XP level 5. HP: 23/33 MP: 5/8
  2271 | D:3      | Noticed a centaur
  2477 | D:3      | Slain by an orc

Skill      XL: |  1  2  3  4 |
---------------+-------------+-----
Fighting       | 1 |  1.3
Throwing       | 1 |  1.1
Stealth        | 3 |  3.2
Conjurations   | 2 |  2.0
Maces & Flails | |  0.5
Dodging        | |  2.7
Unarmed Combat | |  0.9
Spellcasting   | |  2.5
Fire Magic     | |  3.4

Action                   |  1- 3 |  4- 6 || total
-------------------------+-------+-------++-------
Melee: Short sword       |    29 |     8 ||    37
       Unarmed           |     5 |       ||     5
       Constrict         |    12 |    10 ||    22
       Tentacles         |     8 |     8 ||    16
       Mace              |       |    38 ||    38
 Cast: Flame Tongue      |    11 |    11 ||    22
  Use: Scroll            |     3 |       ||     3
       Potion            |       |     2 ||     2
 Stab: Sleeping          |     3 |     2 ||     5
  Eat: Chunk             |     1 |     1 ||     2
       Ration            |       |     1 ||     1
Armor: Skin              |     2 |     1 ||     3
Dodge: Dodged            |    20 |    35 ||    55
